 Dungeon Crawl Stone Soup version 0.22-a0-614-g34fbaa0 (webtiles) character file.

129 EloyTheNewbi the Charmwright (level 5, -4/43 HPs)
             Began as a Gnoll Skald on July 14, 2018.
             Killed by nerve-wracking pain
             ... invoked by Jessica
              (11 damage)
             ... on level 2 of the Dungeon.
             The game lasted 00:06:37 (1740 turns).

EloyTheNewbi the Charmwright (Gnoll Skald)          Turns: 1740, Time: 00:06:37

Health: -4/43      AC:  7    Str: 15    XL:     5   Next: 12%
Magic:  12/12      EV: 14    Int: 15    God:
Gold:   128        SH:  0    Dex: 14    Spells: 13/14 levels left

rFire    . . .     SeeInvis .   a - +0 mace
rCold    . . .     Gourm    .   (no shield)
rNeg     . . .     Faith    .   b - +1 leather armour
rPois    .         Spirit   .   (no helmet)
rElec    .         Reflect  .   (no cloak)
rCorr    .         Harm     .   j - +2 pair of gloves
MR       .....                  (no boots)
Stlth    ++........             (no amulet)
HPRegen  0.14/turn              (no ring)
MPRegen  0.13/turn              (no ring)

@: infused (expiring)
A: distributed training, fangs 1, strong nose
a: no special abilities


You were on level 2 of the Dungeon.
You were not hungry.

You visited 1 branch of the dungeon, and saw 2 of its levels.

You collected 128 gold pieces.

Inventory:

Hand Weapons
 a - a +0 mace (weapon)
Missiles
 h - 77 stones (quivered)
Armour
 b - a +1 leather armour (worn)
 j - a +2 pair of gloves (worn)
Scrolls
 g - a scroll of identify
Potions
 e - a potion of ambrosia
 f - a potion of curing
 i - a potion of flight {unknown}
Comestibles
 c - 10 chunks of flesh
 d - 6 rations


   Skills:
 + Level 4.7 Fighting
 + Level 1.3 Short Blades
 + Level 1.3 Long Blades
 + Level 1.3 Axes
 + Level 4.7 Maces & Flails
 + Level 1.3 Polearms
 + Level 1.3 Staves
 + Level 1.3 Slings
 + Level 1.3 Bows
 + Level 1.3 Crossbows
 + Level 1.3 Throwing
 + Level 2.9 Armour
 + Level 4.7 Dodging
 + Level 1.3 Stealth
 + Level 1.3 Shields
 + Level 1.3 Unarmed Combat
 + Level 5.1 Spellcasting
 + Level 1.1 Conjurations
 + Level 1.1 Hexes
 + Level 5.5 Charms
 + Level 1.1 Summonings
 + Level 1.1 Necromancy
 + Level 1.1 Translocations
 + Level 1.1 Transmutations
 + Level 1.1 Fire Magic
 + Level 1.1 Ice Magic
 + Level 1.1 Air Magic
 + Level 1.1 Earth Magic
 + Level 1.1 Poison Magic
 + Level 1.5 Invocations
 + Level 1.3 Evocations


You had 13 spell levels left.
You knew the following spells:

 Your Spells              Type           Power        Failure   Level  Hunger
a - Infusion              Chrm           ###.         1%          1    None

Your spell library contained the following spells:

 Spells                   Type           Power        Failure   Level  Hunger
 Regeneration             Chrm/Necr      ##........   16%         3    ###....
 Shroud of Golubria       Chrm/Tloc      ##........   8%          2    ##.....
 Song of Slaying          Chrm           ###.....     3%          2    ##.....
 Spectral Weapon          Hex/Chrm       ##......     16%         3    ###....


Dungeon Overview and Level Annotations

Branches:
Dungeon (2/15)

Altars:
Cheibriados
Wu Jian
Zin

Annotations:
D:2 Jessica


Innate Abilities, Weirdness & Mutations

Your experience applies equally to all skills.
You have very sharp teeth.
Your uncanny sense of smell can sniff out nearby items.


Message History

Jessica points at you and mumbles some strange words.
Pain shoots through your body! Jessica casts a spell at you.
You barely resist.
Jessica casts a spell.
Jessica seems to speed up.
Jessica casts a spell.
Jessica blinks!
Jessica casts a spell at you. Pain shoots through your body!
* * * LOW HITPOINT WARNING * * *
Jessica casts a spell at you. Pain shoots through your body!
* * * LOW HITPOINT WARNING * * *
Your magical infusion is running out.
Jessica casts a spell.
Jessica blinks!
Jessica casts a spell at you. Pain shoots through your body!
You die...

### ### ##### #..
##.#########...# #.#
##.#.........@#.# #.# #
####.###.###.###...###.####.#
....## ##.#...###...§.......#
.###.# #.#....)######@.#.#..#
.# #.#.###...## #..#÷#..# .#
#.# ##.## #..#÷#..# .# ###
#.# #.......# .#### #.#
#.##.#.## ....# ##'##
#.##.#.#


You could see Jessica.

Vanquished Creatures
  Terence (D:2)
  4 gnolls (D:2)
  An adder (D:2)
  A worm (D:2)
  2 dart slugs
  3 bats
  6 giant cockroaches
  9 goblins
  2 hobgoblins
  8 jackals (D:2)
  2 ball pythons (D:2)
  4 frilled lizards
  3 kobolds
  3 rats (D:1)
49 creatures vanquished.

Notes
Turn   | Place    | Note
-------+----------+-------------------------------------------
     0 | D:1      | EloyTheNewbi the Gnoll Skald began the quest for the Orb.
     0 | D:1      | Reached XP level 1. HP: 20/20 MP: 6/6
   118 | D:1      | Found a snail-covered altar of Cheibriados.
   137 | D:1      | You fall through a shaft!
   150 | D:1      | Reached XP level 2. HP: 19/26 MP: 7/7
   767 | D:2      | Reached XP level 3. HP: 22/31 MP: 9/9
   770 | D:2      | Reached skill level 5 in Spellcasting
   849 | D:2      | Noticed Terence
   874 | D:2      | Killed Terence
   874 | D:2      | Reached skill level 1 in Short Blades
   874 | D:2      | Reached skill level 1 in Long Blades
   874 | D:2      | Reached skill level 1 in Axes
   874 | D:2      | Reached skill level 1 in Polearms
   874 | D:2      | Reached skill level 1 in Staves
   874 | D:2      | Reached skill level 1 in Slings
   874 | D:2      | Reached skill level 1 in Bows
   874 | D:2      | Reached skill level 1 in Crossbows
   874 | D:2      | Reached skill level 1 in Throwing
   874 | D:2      | Reached skill level 1 in Stealth
   874 | D:2      | Reached skill level 1 in Shields
   874 | D:2      | Reached skill level 1 in Unarmed Combat
   874 | D:2      | Reached skill level 1 in Invocations
   874 | D:2      | Reached skill level 1 in Evocations
   874 | D:2      | Reached XP level 4. HP: 17/38 MP: 11/11
   901 | D:2      | Found an ornate altar of the Wu Jian Council.
   903 | D:2      | Found a snail-covered altar of Cheibriados.
   903 | D:2      | Found a glowing silver altar of Zin.
  1084 | D:2      | Reached skill level 1 in Conjurations
  1084 | D:2      | Reached skill level 1 in Hexes
  1084 | D:2      | Reached skill level 1 in Summonings
  1084 | D:2      | Reached skill level 1 in Necromancy
  1084 | D:2      | Reached skill level 1 in Translocations
  1084 | D:2      | Reached skill level 1 in Transmutations
  1084 | D:2      | Reached skill level 1 in Fire Magic
  1084 | D:2      | Reached skill level 1 in Ice Magic
  1084 | D:2      | Reached skill level 1 in Air Magic
  1084 | D:2      | Reached skill level 1 in Earth Magic
  1084 | D:2      | Reached skill level 1 in Poison Magic
  1509 | D:2      | Reached XP level 5. HP: 42/43 MP: 12/12
  1731 | D:2      | Noticed Jessica
  1740 | D:2      | Killed from afar by Jessica

Vault maps used:
D:1:      minmay_arrival_diagonal_passages, cheibriados_altar_1
D:2:      grunt_dithmenos_smoke, gammafunk_temple_overflow_forgotten,
          first_ration, uniq_jessica, uniq_terence

Skill      XL: |  1  2  3  4 |
---------------+-------------+-----
Spellcasting   | 5 |  5.1
Short Blades   | 1 |  1.3
Long Blades    | 1 |  1.3
Axes           | 1 |  1.3
Polearms       | 1 |  1.3
Staves         | 1 |  1.3
Slings         | 1 |  1.3
Bows           | 1 |  1.3
Crossbows      | 1 |  1.3
Throwing       | 1 |  1.3
Stealth        | 1 |  1.3
Shields        | 1 |  1.3
Unarmed Combat | 1 |  1.3
Invocations    | 1 |  1.5
Evocations     | 1 |  1.3
Conjurations   | 1 |  1.1
Hexes          | 1 |  1.1
Summonings     | 1 |  1.1
Necromancy     | 1 |  1.1
Translocations | 1 |  1.1
Transmutations | 1 |  1.1
Fire Magic     | 1 |  1.1
Ice Magic      | 1 |  1.1
Air Magic      | 1 |  1.1
Earth Magic    | 1 |  1.1
Poison Magic   | 1 |  1.1
Fighting       | |  4.7
Maces & Flails | |  4.7
Armour         | |  2.9
Dodging        | |  4.7
Charms         | |  5.5

Action                   |  1- 3 |  4- 6 || total
-------------------------+-------+-------++-------
Melee: Mace              |    84 |    86 ||   170
       Bite              |    12 |     7 ||    19
 Cast: Infusion          |       |     2 ||     2
  Use: Scroll            |     6 |     1 ||     7
 Stab: Sleeping          |     1 |     1 ||     2
  Eat: Chunk             |       |     3 ||     3
Armor: Leather armour    |    17 |    21 ||    38
Dodge: Dodged            |    87 |    73 ||   160

Table legend:
 A = Spawn XP
 B = Non-spawn XP
 C = Spawn XP percentage of total XP
 D = Spawn monster count
 E = Non-spawn monster count
 F = Spawn count percentage of total count
 G = Total turns spent on level
                    A         B        C        D         E        F      G
               +---------+---------+-------+---------+---------+-------+---------
         Total |       0 |     185 |   0.0 |       0 |      49 |   0.0 |  1740
               +---------+---------+-------+---------+---------+-------+---------
           D:1 |       0 |      31 |   0.0 |       0 |      18 |   0.0 |   749
           D:2 |       0 |     154 |   0.0 |       0 |      31 |   0.0 |   991
               +---------+---------+-------+---------+---------+-------+---------
